And, lawful female human Valkyrie --------- |........########## ----- |.......| # |...| |.......| ###|...| |.......| #..>..##### ------------ -----.--- -.--- # ------------ #-..........| # # #*...........-#############|..........| ### |....<.....| |.......[..| # |..........| |------.-.-| # ------------ |..........| # ------- ##########################1###)%@##-<.........| -----|-- #####......| # |.........)| |......| # |.....|### ------------ |...*..|### |.....-# |.......# |.....| -------- ------- And the Woman-at-arms Experience level: 12 Strength: 16 Dexterity: 13 Constitution: 18 Intelligence: 10 Wisdom: 11 Charisma: 7 Health: 107(107) Energy: 31(31) AC: -3 Gold: 0 Moves: 22193 Your Inventory: Amulets A - an uncursed amulet of unchanging (being worn) Weapons a - the blessed rustproof +1 Excalibur (weapon in hand) r - 5 uncursed rusty +0 daggers x - 16 uncursed +0 daggers (in quiver) Armor c - an uncursed +3 small shield (being worn) i - an uncursed +0 pair of speed boots (being worn) s - an [uncursed] +0 orcish helm (being worn) B - a [blessed +0] pair of low boots C - an uncursed +0 faded pall [elven cloak] (being worn) G - an [uncursed] +0 dwarvish mithril-coat (being worn) Comestibles d - 11 uncursed food rations t - an uncursed slime mold w - an [uncursed] lichen corpse M - 4 uncursed tripe rations Z - an uncursed clove of garlic Scrolls z - an uncursed scroll of enchant armor N - 2 uncursed scrolls labeled LEP GEX VEN ZEA named [earth of earth] R - an uncursed scroll of teleportation W - an uncursed scroll of punishment Potions b - 2 uncursed clear potions [of water] y - an [uncursed] black potion [of speed] Rings f - an uncursed black onyx ring [of free action] p - an uncursed ring of teleport control D - an uncursed copper ring [of fire resistance] K - an uncursed ring of levitation O - an uncursed ring of regeneration Q - an uncursed ring of warning (on right hand) U - an uncursed ring of shock resistance Wands o - an uncursed electrum wand [of make invisible (0:5)] v - an [uncursed] electrum wand [of make invisible (0:7)] F - an uncursed wand of striking [0:3] I - an uncursed wand of magic missile [0:6] Tools g - 2 uncursed [tallow] candles j - an uncursed stethoscope l - an uncursed bag [oilskin sack] n - an uncursed key [skeleton key] q - an uncursed bag of holding E - an uncursed looking glass [mirror] H - an uncursed [+0] pick-axe V - an uncursed [+0] unicorn horn Y - an uncursed leash Gems e - an uncursed luckstone Contents of the oilskin sack: 2476 gold pieces Contents of the bag of holding: an uncursed alabaster wand [of secret door detection (0:10)] an uncursed ebony wand [of opening (0:6)] an uncursed jeweled wand [of nothing (0:4)] an uncursed spiked wand [of speed monster (0:4)] an uncursed blindfold an uncursed [oil] lamp an uncursed [oil] lamp an uncursed towel an uncursed [tin] whistle Spells known in the end: Name Level Category Fail Memory Your skills at the end: Fighting Skills Weapon Skills dagger [Skilled / Expert] long sword [Expert / Expert] Spellcasting Skills Final Attributes: You were piously aligned. Hunger level was 476. Your alignment was 120 / 120. Monster difficulty range was 1 - 9. Level difficulty was 6. You were immune to cold. You resisted poison. You were immune to level-drain. You were warned. You had automatic searching. You were stealthy. You aggravated monsters. You could not change from your current form. You were very fast. You were lucky (3). You had extra luck. Bad luck did not time out for you. Good luck did not time out for you. You are dead. Vanquished creatures: 3 giant mimics a flesh golem a large mimic 2 baby long worms 2 long worms an air elemental an earth elemental a water elemental a giant mummy a xorn 2 giant zombies 3 wargs a winter wolf 4 small mimics a xan 2 ettin mummies a quantum mechanic a giant turtle 2 shocking spheres a large cat a tiger 4 gargoyles 2 ochre jellies a mountain centaur an elf mummy 3 pit vipers a wraith a carnivorous ape 9 ettin zombies 2 leather golems a Grey-elf 2 soldiers 4 giant beetles 4 cockatrices 5 wolves 7 winter wolf cubs a panther 2 gremlins 2 spotted jellies 3 leprechauns an iron piercer 2 mumakil 4 giant spiders 2 scorpions a horse a forest centaur 2 gnome kings an orc mummy 7 brown puddings 2 rust monsters 3 owlbears 2 yetis 2 gold golems a werewolf a Green-elf 2 lizards a dog a dingo a housecat a jaguar 4 blue jellies 2 gray unicorns 7 ravens 2 plains centaurs a gnome mummy 2 snakes 7 apes 2 human zombies 2 rope golems a Woodland-elf a soldier ant 4 fire ants 6 snow ants 2 bugbears 3 imps 2 quasits a wood nymph 4 water nymphs 2 mountain nymphs 14 Mordor orcs 6 Uruk-hai 2 rock piercers 5 enormous rats 2 rock moles 2 ponies 3 fog clouds 3 yellow lights 2 shriekers 2 violet fungi 20 gnome lords 8 gnomish wizards 2 kobold mummies a golden naga hatchling a gray ooze 2 barrow wights 2 elf zombies 2 ghouls a straw golem 3 wax golems 2 baby crocodiles 7 giant ants 2 little dogs 6 floating eyes 3 kittens 8 dwarves 2 homunculi a kobold lord 4 kobold shamans 17 hill orcs 10 rothes 2 centipedes 4 giant bats 2 orc zombies a wererat 3 werejackals 10 iguanas 11 killer bees 4 acid blobs 7 coyotes 2 gas spores 3 hobbits 11 manes a large kobold 6 hobgoblins 4 giant rats 5 cave spiders 4 brown molds a yellow mold 2 green molds 113 gnomes 10 gnome zombies 5 geckos 8 jackals a fox 4 kobolds 3 goblins 8 sewer rats 10 grid bugs a bat 11 lichens 7 kobold zombies 7 newts 597 creatures vanquished. Voluntary challenges: You used a wielded weapon 783 times. You read items or engraved 67 times. You put on armor 33 times. You never genocided any monsters. You never polymorphed an object. You changed form 1 time. You used no wishes. You wrote Elbereth's name 41 times. You never encountered a bones level. You used 2 Sokoban shortcuts. Dungeon overview: The Dungeons of Doom: levels 1 to 10 Level 1 a long staircase Level 2 a fountain, a sink Level 3 some fountains stairs to The Gnomish Mines Level 5 some fountains Level 6 <- You were here stairs to Sokoban Level 8 stairs to Town Level 9 some fountains The Gnomish Mines: levels 4 to 12 Level 4 stairs to The Dungeons of Doom Level 6 many shops, a temple, a magic chest, some fountains Sokoban: levels 3 to 5 Level 5 a magic chest stairs to The Dungeons of Doom Town: Level 7 stairs to The Dungeons of Doom History has recorded: On T:1 you entered the Dungeons of Doom to retrieve the Amulet of Yendor! On T:42 you reached level 2 of The Dungeons of Doom. On T:566 you advanced to experience level 2. On T:713 you reached level 3 of The Dungeons of Doom. On T:735 you advanced to experience level 3. On T:968 you advanced to experience level 4. On T:1336 you reached level 4 of The Dungeons of Doom. On T:1670 you reached level 5 of The Dungeons of Doom. On T:1732 you advanced to experience level 5. On T:2518 you advanced to experience level 6. On T:3098 you advanced to experience level 7. On T:3862 you reached level 7 of The Dungeons of Doom. On T:3916 you reached level 3 of Sokoban. On T:3980 you advanced to experience level 8. On T:4777 you reached level 2 of Sokoban. On T:5970 you reached level 1 of Sokoban. On T:5979 you advanced to experience level 9. On T:8869 you reached level 8 of The Dungeons of Doom. On T:9434 you reached level 9 of The Dungeons of Doom. On T:9894 you reached level 1 of The Gnomish Mines. On T:10189 you advanced to experience level 10. On T:10583 you reached level 2 of The Gnomish Mines. On T:10650 you reached level 3 of The Gnomish Mines. On T:10654 you reached level 4 of The Gnomish Mines. On T:13268 you reached level 5 of The Gnomish Mines. On T:14024 you advanced to experience level 11. On T:14246 you reached level 6 of The Gnomish Mines. On T:14505 you reached level 9 of The Gnomish Mines. On T:15085 you reached level 8 of The Gnomish Mines. On T:18233 you reached level 7 of The Gnomish Mines. On T:21429 you reached level 10 of The Dungeons of Doom. On T:21933 you reached level 3 of Town. On T:21985 you advanced to experience level 12. Latest messages: Never mind. The dagger misses the rust monster. The dagger hits the rust monster! The dagger rusts! The dagger hits the rust monster. The dagger rusts! You throw 2 daggers. The 1st dagger hits it. The 2nd dagger hits it. You throw 2 daggers. The 1st dagger hits it. You kill it! You have a little trouble lifting r - an uncursed rusty +0 dagger. You have a little trouble lifting r - 2 uncursed rusty +0 daggers. (2x) You have a little trouble lifting x - an uncursed +0 dagger (in quiver). (2x) You see here a long sword. (2x) You hear a nearby zap. The death ray hits you! Final status: Farvel And the Valkyrie... You died in The Dungeons of Doom on dungeon level 6 with 47507 points, and 2476 pieces of gold, after 22193 moves. You were level 12 with a maximum of 107 hit points when you died.